 Dungeon Crawl Stone Soup version 0.19.1 (webtiles) character file.

64 Haldmier the Charmwright (level 3, -3/24 HPs)
             Began as a High Elf Skald on Dec 14, 2016.
             Slain by an iguana (13 damage)
             ... on level 4 of the Dungeon.
             The game lasted 00:03:36 (1716 turns).

Haldmier the Charmwright (High Elf Skald)           Turns: 1716, Time: 00:03:36

Health: -3/24      AC:  3    Str: 11    XL:     3   Next: 91%
Magic:  1/8        EV: 11    Int: 15    God:
Gold:   63         SH:  0    Dex: 16    Spells: 2 memorised, 4 levels left

rFire  . . .     SeeInvis .     a - +0 falchion
rCold  . . .     Gourm    .     b - +0 leather armour
rNeg   . . .     Faith    .     (no shield)
rPois  .         Spirit   .     (no helmet)
rElec  .         Reflect  .     (no cloak)
rCorr  .         Harm     .     (no gloves)
MR     .....                    (no boots)
Stlth  +.........               (no amulet)
                                (no ring)
                                (no ring)

@: infused
A: no striking features
a: no special abilities


You were on level 4 of the Dungeon.
You were not hungry.

You visited 1 branch of the dungeon, and saw 3 of its levels.

You collected 63 gold pieces.

Inventory:

Hand Weapons
 a - a +0 falchion (weapon)
Missiles
 e - 21 sling bullets
 j - 9 javelins (quivered)
Armour
 b - a +0 leather armour (worn)
Jewellery
 g - an uncursed ring of wizardry {unknown}
 m - an uncursed amulet of magic regeneration {unknown}
Scrolls
 f - a scroll of recharging {unknown}
 i - a scroll of remove curse {unknown}
Potions
 h - 2 potions of curing {unknown}
 l - a potion of degeneration {unknown}
 o - a potion of haste {unknown}
Books
 c - a book of Battle

   Spells                             Type                      Level
   a - Infusion                       Charms                       1
   b - Shroud of Golubria             Charms/Translocation         2
   c - Song of Slaying                Charms                       2
   d - Spectral Weapon                Hexes/Charms                 3
   e - Regeneration                   Charms/Necromancy            3
Comestibles
 d - 4 bread rations
 k - 3 fruits
 n - 5 chunks of flesh
 p - a beef jerky


   Skills:
 + Level 2.2 Fighting
 * Level 3.3 Long Blades
 - Level 1.0 Armour
 - Level 1.2 Dodging
 + Level 2.8 Spellcasting
 + Level 4.3 Charms
 * Level 1.5 Translocations


You had 4 spell levels left.
You knew the following spells:

 Your Spells              Type           Power        Failure   Level  Hunger
a - Infusion              Chrm           ###.         4%          1    #......
b - Shroud of Golubria    Chrm/Tloc      ##........   14%         2    ##.....


Dungeon Overview and Level Annotations

Branches:
Dungeon (2/15)

Altars:
Zin


Message History

The jackal skeleton closely misses you.
You now have 2/8 mp.
You hit the iguana.
The iguana is lightly wounded.
The jackal skeleton bites you but does no damage.
The iguana hisses menacingly.
The iguana bites you!
The jackal skeleton bites you but does no damage.
You take 10 damage, and have 10/24 hp.
MASSIVE DAMAGE!!
You now have 1/8 mp.
You hit the iguana but do no damage.
The iguana is lightly wounded.
The iguana barely misses you.
You riposte.
You hit the iguana.
The iguana is moderately wounded.
The jackal skeleton misses you.
You riposte.
You hit the jackal skeleton!
You destroy the jackal skeleton!
You closely miss the iguana.
The iguana is moderately wounded.
The iguana bites you!
Ouch! That really hurt!
You die...

.Z........##.##
...l..........##
...............##
.)..............#
................#
........?.......#
................#
..........l.....#
#........()@....#
##.............##
##.....#(....##
#############


You could see an iguana.

Vanquished Creatures
  3 adders (D:2)
  A worm (D:2)
  A dart slug (D:1)
  3 leopard geckos
  An orc (D:4)
  A giant cockroach (D:1)
  3 goblins
  5 hobgoblins
  A kobold (D:1)
  2 quokkas (D:2)
  A ball python (D:1)
  2 bats (D:1)
  A jackal skeleton (D:4)
  3 rats
28 creatures vanquished.

Notes
Turn   | Place    | Note
-------+----------+-------------------------------------------
     0 | D:1      | Haldmier the High Elf Skald began the quest for the Orb.
     0 | D:1      | Reached XP level 1. HP: 14/14 MP: 4/4
   375 | D:1      | Reached XP level 2. HP: 6/19 MP: 3/6
   752 | D:1      | Reached skill level 1 in Armour
   824 | D:1      | Reached skill level 4 in Charms
   831 | D:1      | Learned a level 2 spell: Shroud of Golubria
  1052 | D:2      | Reached skill level 1 in Translocations
  1076 | D:2      | Reached XP level 3. HP: 24/24 MP: 5/8
  1120 | D:2      | Found a glowing silver altar of Zin.
  1703 | D:2      | You fall through a shaft for 2 floors!
  1716 | D:4      | Slain by an iguana

Skill      XL: |  1  2  3 |
---------------+----------+-----
Armour         | 1 |  1.0
Charms         | 4 |  4.3
Translocations | 1 |  1.5
Long Blades    | 3 |  3.3
Fighting       | |  2.2
Dodging        | |  1.2
Spellcasting   | |  2.8

Action                   || total
-------------------------++-------
Melee: Falchion          ||    61
Throw: Javelin           ||     5
 Cast: Infusion          ||    19
       Shroud of Golubri ||     6
  Eat: Chunk             ||     3
Armor: Leather armour    ||    15
Dodge: Dodged            ||    30
       Rpst.: Falchion   ||    11
